Cogmind - Beta 17.1 @@@ ROGUE MODE // 2026.08.31 @ 15:08:00 Player: Talon Java Result: Self-destructed Performance ------------- Evolutions (7) 3500 Regions Visited (16) 3200 Robots Destroyed (278) 1390 Value Destroyed (11062) 11062 Prototype IDs (47) 940 Alien Tech Used (0) 0 Bonus (4429) 4429 TOTAL SCORE: 24521 Bonus ------- High Alert Combat Kills 1260 Follower Combat Kills 1475 Registered with UFD 300 Met Warlord at Base 500 MAIN.C Attacked Warlord 500 Warlord Defense Kills 1100 Friendly Fire -706 Cogmind --------- Core Integrity 1153/1300 Matter 277/300 Energy 700/700 System Corruption 5% Temperature Cool (-200) Movement Walking (110) Location -3/Research Parts ------- > --- POWER (2) -------- Vortex Chain Reactor > --- PROPULSION (6) --- Myomer Leg Myomer Leg Enhanced Biometal Leg Enhanced Biometal Leg > --- UTILITY (9) ------ Advanced Cryofiber Web Experimental Heat Sink Improved Targeting Computer Layered Medium Armor Plating Improved Hardlight Generator > --- WEAPON (4) ------- Quantum Rifle Coil Gun > --- INVENTORY (5) ---- Shield Leg Advanced Force Field Vortex Rail (23) Railgun Improved Plasma Cutter Peak State ------------ > --- POWER ------------ Vortex Chain Reactor > --- PROPULSION ------- Shield Leg Shield Leg Biometal Leg Enhanced Biometal Leg Enhanced Biometal Leg Experimental Myomer Leg > --- UTILITY ---------- Advanced Cryofiber Web Experimental Heat Sink Light Humpback Advanced Visual Processing Unit Layered Medium Armor Plating Thermal Barrier Improved Shock Absorption System Advanced Force Field > --- WEAPON ----------- Phase Gun Quantum Rifle Quantum Rifle KE Penetrator > --- INVENTORY -------- Light Antimatter Reactor Particle Reactor Micro Antimatter Reactor Myomer Leg Heavy Armor Plating Improved Hardlight Generator Long-range Tractor Beam Vortex Rail Vortex Rail High-powered Shotgun Makeshift Shrapnel Gun Railgun Improved Plasma Cutter Phasing Sabre [Rating: 155] Favorites ----------- Power Micro Nuclear Core Engine Improved Deuterium Engine Power Core Micro Nuclear Core Reactor Vortex Chain Reactor Propulsion Light Treads Treads Light Treads Leg Flexi-carbon Leg Wheel Compact Wheel Hover Unit Gravmag Array Flight Unit Improved Surge Thruster Utility Huge Storage Unit Device Improved Heat Sink Storage Huge Storage Unit Processor Core Analyzer Hackware Advanced Hacking Suite Protection Improved Medium Armor Plating Weapon Flak Gun Energy Gun Quantum Rifle Energy Cannon HERF Cannon Ballistic Gun Flak Gun Ballistic Cannon Hypervelocity Gauss Cannon Launcher Heavy Missile Launcher Special Weapon Improved Plasma Cutter Slashing Weapon Chainsword Piercing Weapon Makeshift Spear Build | -11 -10 -10 -9 -8 -7 -7 -7 -7 -5 -5 -4 -4 -4 -4 -3 -3 ------- Run | Yrd Mat Min Mat Mat Fac Sto Rec Scr Fac Upp Fac Upp Upp War Pro Res Slots Evolved 14 | . . . 2 2 2 . . . 4 . 2 . . . . 2 Power 1 | . . . . . . . . . . . 1 . . . . . Propulsion 4 | . . . 1 1 1 . . . 1 . . . . . . . Utility 7 | . . . . 1 1 . . . 2 . 1 . . . . 2 Weapon 2 | . . . 1 . . . . . 1 . . . . . . . Parts Attached 236 | . 10 4 19 24 36 17 5 17 16 7 26 6 10 21 5 13 Power 25 | . 2 3 1 3 5 1 1 1 1 1 4 1 . 1 . . Engine 13 | . 2 3 1 1 2 1 . 1 . 1 . 1 . . . . Core 10 | . . . . 2 3 . 1 . 1 . 3 . . . . . Reactor 2 | . . . . . . . . . . . 1 . . 1 . . Propulsion 77 | . 2 . 7 7 10 9 1 9 1 2 10 4 2 8 1 4 Treads 44 | . 2 . 4 6 10 9 1 8 1 . 3 . . . . . Leg 21 | . . . 3 . . . . . . . . 4 2 8 . 4 Wheel 2 | . . . . . . . . 1 . . 1 . . . . . Hover 5 | . . . . . . . . . . 1 4 . . . . . Flight 5 | . . . . 1 . . . . . 1 2 . . . 1 . Utility 74 | . 4 1 2 7 14 3 2 4 7 3 8 1 6 4 3 5 Device 31 | . 2 . . 2 5 . . 1 3 2 4 . 5 4 2 1 Storage 8 | . . 1 2 1 1 . . . . . 2 . . . 1 . Processor 13 | . . . . . 4 . . 2 3 . 1 1 . . . 2 Hackware 2 | . . . . . . . . . 1 . . . 1 . . . Protection 20 | . 2 . . 4 4 3 2 1 . 1 1 . . . . 2 Artifact . | . . . . . . . . . . . . . . . . . Weapon 60 | . 2 . 9 7 7 4 1 3 7 1 4 . 2 8 1 4 Energy Gun 7 | . . . 1 . . . . . . . . . 2 3 . 1 Energy Cannon 4 | . 1 . 1 . . . . 1 . . 1 . . . . . Ballistic Gun 38 | . 1 . 6 5 5 4 1 2 6 . 3 . . 2 1 2 Ballistic Cannon 1 | . . . . . . . . . 1 . . . . . . . Launcher 2 | . . . . 2 . . . . . . . . . . . . Special Weapon 3 | . . . . . 1 . . . . . . . . 2 . . Impact Weapon . | . . . . . . . . . . . . . . . . . Slashing Weapon 4 | . . . 1 . 1 . . . . . . . . 1 . 1 Piercing Weapon 1 | . . . . . . . . . . 1 . . . . . . Special Melee Weapon . | . . . . . . . . . . . . . . . . . Unidentified Prototypes 11 | . . . 1 2 . . . . . . . . 3 5 . . Corrupted Parts 16 | . . . . . . . . . 1 . 9 3 1 2 . . System Corruption 99 | . . . . . . . . . 2 . 56 19 11 11 . . Parts Lost 86 | . 3 1 5 . 13 12 . . 24 4 10 . 1 2 1 10 Power 7 | . 1 1 1 . . . . . 2 1 1 . . . . . Propulsion 33 | . 1 . 3 . 6 6 . . 9 . 5 . 1 . . 2 Utility 23 | . 1 . . . 3 3 . . 3 3 2 . . 2 1 5 Weapon 23 | . . . 1 . 4 3 . . 10 . 2 . . . . 3 Highest Loss Streak 8 | . 2 1 3 . 3 7 . . 7 4 8 . 1 1 1 6 To Critical Strikes 3 | . . . . . 1 1 . . . . 1 . . . . . Average Backups 17 | . 6 8 11 24 23 21 23 23 20 4 7 5 5 5 4 9 Power . | . . . . 1 1 1 1 1 . . . . . . . 1 Propulsion 2 | . 1 . 1 5 3 3 2 5 2 . 1 . . . . . Utility 6 | . 1 3 4 6 10 9 13 10 8 . 1 . . 1 . 2 Weapon 5 | . 3 4 4 9 6 4 3 4 5 2 2 2 3 3 3 4 Tool/Special . | . . . . . . . . . . . . . . . . . Unused Backups 55 | . 7 . 2 6 5 1 5 5 9 4 5 3 . . . 3 Power 6 | . 1 . . 1 1 . . . . . . 1 . . . 2 Propulsion 7 | . 4 . . . . . . . . . 2 1 . . . . Utility 23 | . 1 . . 1 3 . 5 4 4 1 3 1 . . . . Weapon 17 | . 1 . 2 4 1 1 . 1 3 3 . . . . . 1 Tool/Special 2 | . . . . . . . . . 2 . . . . . . . Average Slot Usage (%) 90 | . 98 99 94 99 99 95 91 94 84 34 39 68 92 96 81 83 Engine 4 | . 13 13 10 6 4 7 3 . 1 1 . 1 5 2 . . Core 2 | . . . . 2 2 . 3 6 2 . 1 5 5 2 . . Treads 26 | . 12 28 26 35 37 36 38 37 27 . 3 10 6 2 . . Leg 4 | . 15 . 2 . . . . . . . . 13 24 28 26 25 Device 7 | . 3 14 11 8 4 1 . . 8 2 4 1 11 22 23 20 Storage 6 | . 14 14 11 9 7 7 7 7 4 . 2 . . . . 3 Processor 5 | . . . . . 9 7 7 9 11 17 3 6 9 3 . 3 Protection 5 | . 8 . . 8 6 9 7 7 1 1 1 3 5 5 1 2 Energy Gun 1 | . 11 . 1 . . . . . . . . . 2 9 10 11 Energy Cannon 1 | . 3 14 5 . . . . . . . 1 5 4 . . . Ballistic Gun 19 | . 13 14 25 26 22 22 23 22 21 . 4 11 8 7 9 6 Peak Build Rating 155 | . 9 14 27 33 44 46 41 50 78 50 72 76 120 150 135 155 Average Rating 48 | . 7 11 21 28 38 41 38 42 64 31 41 68 104 131 129 140 On Entrance 48 | 6 6 9 14 27 32 41 38 38 49 20 19 68 76 119 122 135 Avg Prop Armor Cover (%) 5 | . . . 5 . . . . 4 4 2 6 8 4 4 1 1 Naked Turns . | . . . . . . . . . . . . . . . . . Heaviest Build 128 | 11 17 95 99 108 120 113 109 117 117 20 43 62 67 87 117 128 Greatest Support 168 | 20 40 40 69 89 108 108 106 113 138 12 48 80 120 168 138 163 Greatest Overweight (x) 6 | . . 2 6 1 1 1 1 1 3 1 1 2 1 . . . Average Overweight (x) . | . . . . 1 . . . . . . . . . . . . Largest Inventory Capacity 25 | . 8 25 25 25 25 25 25 25 25 5 10 5 5 5 25 25 Average Capacity 19 | . 8 14 15 25 25 25 25 25 24 5 7 5 5 5 7 19 Most Carried 25 | . 8 10 21 25 25 25 25 25 25 5 10 5 5 5 8 16 Average Carried 17 | . 6 8 11 24 23 22 24 24 21 4 7 4 4 4 4 9 Final Capacity 25 | 8 8 25 25 25 25 25 25 25 5 5 5 5 5 5 25 5 Final Carried 25 | 6 8 10 21 25 24 24 25 25 5 5 5 5 5 5 8 5 Scrap Suit Usage (%) 5 | . . . . . . . . . 88 . . . . . . . Parts Cannibalized 2 | . . . . . . . . . 2 . . . . . . . Class Distribution -------------------- 37% | Scavenger-Gunner 24% | Scavenger-Tank 11% | Mutant 8% | Gunner 6% | Tank Dominant Class ---------------- Mutant | -10/Materials Mutant | -10/Mines Gunner | -9/Materials Scavenger-Tank | -8/Materials Scavenger-Gunner | -7/Factory Scavenger-Gunner | -7/Storage Scavenger-Gunner | -7/Recycling Scavenger-Gunner | -7/Scraptown Scavenger-Gunner | -5/Factory Mutant | -5/Upper Caves Mutant | -4/Factory Scavenger-Gunner | -4/Upper Caves Scavenger-Tank | -4/Upper Caves Scavenger-Tank | -4/Warlord Scavenger-Tank | -3/Proximity Caves Scavenger-Tank | -3/Research Resources | -11 -10 -10 -9 -8 -7 -7 -7 -7 -5 -5 -4 -4 -4 -4 -3 -3 ----------- Run | Yrd Mat Min Mat Mat Fac Sto Rec Scr Fac Upp Fac Upp Upp War Pro Res Matter Collected 10350 | 200 294 168 630 1393 2140 1050 235 284 1590 301 440 354 184 732 112 243 Remotely 151 | . . . . . 151 . . . . . . . . . . . Salvage Created 11653 | . 664 164 1213 1612 2518 2112 216 . 1680 171 93 . 84 397 235 494 Parts 593 | . 37 7 75 94 142 106 10 . 77 7 2 . 3 8 8 17 Haulers Intercepted 15 | . . . 3 5 3 3 . . 1 . . . . . . . Recyclers Shooed 14 | . . . 2 2 2 2 1 . 2 . 1 . . . . 2 Parts Field Recycled . | . . . . . . . . . . . . . . . . . Retrieved Matter . | . . . . . . . . . . . . . . . . . Parts Self-Destructed 27 | . . . . . . . . . . 7 . 12 4 . 4 . Prevented 19 | . . . . . . . . . . . . 15 4 . . . Parts Restored . | . . . . . . . . . . . . . . . . . Kills | -11 -10 -10 -9 -8 -7 -7 -7 -7 -5 -5 -4 -4 -4 -4 -3 -3 ------- Run | Yrd Mat Min Mat Mat Fac Sto Rec Scr Fac Upp Fac Upp Upp War Pro Res Combat Hostiles Destroyed 215 | . 22 2 22 36 41 35 3 . 28 3 1 . 3 7 5 7 Guns 187 | . 19 . 16 29 41 35 3 . 26 . . . 2 7 2 7 Cannons 17 | . 3 2 6 . . . . . 1 3 1 . 1 . . . AOE 11 | . . . . 7 . . . . 1 . . . . . 3 . Classes Destroyed 18 | . 3 1 5 1 3 3 . . 1 . . . . 1 . . Worker 16 | . . 1 . 2 4 5 . . 4 . . . . . . . Builder 8 | . . . 1 1 2 1 . . 2 . 1 . . . . . Hauler 15 | . . . 3 5 3 3 . . 1 . . . . . . . Recycler 9 | . . . 2 . 4 2 1 . . . . . . . . . Mechanic 2 | . . . . . . 2 . . . . . . . . . . Operator 1 | . . . . . 1 . . . . . . . . . . . Watcher 11 | . 1 . 1 3 1 1 . . 2 . . . . . . 2 Swarmer 39 | . 9 . 4 10 4 4 . . 2 . . . 3 . 2 1 Grunt 91 | . 13 2 12 18 16 18 . . 6 2 . . . 4 . . Brawler 5 | . . . . . 1 3 . . . . . . . 1 . . Duelist 5 | . . . 3 . 1 1 . . . . . . . . . . Sentry 27 | . . . 3 6 5 4 3 . 4 . . . . . . 2 Demolisher 2 | . . . . . . 2 . . . . . . . . . . Specialist 3 | . . . . . . 2 . . . . . . . 1 . . Hunter 17 | . . . . 2 2 . . . 5 1 1 . . . 2 4 Programmer 24 | . . . . . 12 1 . . 10 . . . . . 1 . Heavy 1 | . . . . . . . . . 1 . . . . . . . Executioner 1 | . . . . . . . . . . . . . . 1 . . Thug 1 | . . 1 . . . . . . . . . . . . . . Best Kill Streak 12 | . 5 2 5 6 5 11 2 . 12 2 1 . 2 3 3 4 Combat Bots Only 12 | . 5 2 4 4 5 10 1 . 12 2 1 . 2 3 3 4 Max Kills in Single Turn 4 | . 2 1 1 3 2 3 1 . 4 1 1 . 1 2 3 1 Gunslinging 1 | . 1 . . . . 1 . . 1 . . . . 1 . . Exploded 3 | . . . . 2 . . . . 1 . . . . . 3 . Melee . | . . . . . . . . . . . . . . . . . Uniques/NPCs Destroyed . | . . . . . . . . . . . . . . . . . Combat | -11 -10 -10 -9 -8 -7 -7 -7 -7 -5 -5 -4 -4 -4 -4 -3 -3 -------- Run | Yrd Mat Min Mat Mat Fac Sto Rec Scr Fac Upp Fac Upp Upp War Pro Res Hostile Shots Fired 1788 | . 103 29 67 173 388 184 27 . 363 14 62 11 24 122 48 173 Missed 520 | . 29 4 22 40 113 53 8 . 94 5 22 5 4 53 17 51 Hits 1268 | . 74 25 45 133 275 131 19 . 269 9 40 6 20 69 31 122 Melee 22 | . . . 6 . 7 5 . . . . 3 . . 1 . . Projectile 1246 | . 74 25 39 133 268 126 19 . 269 9 37 6 20 68 31 122 AOE 23 | . . . . . . 17 . . . . 1 . . 4 . 1 Critical Strikes 49 | . . . 1 8 9 8 . . 12 2 2 1 . 4 1 1 Part Disruptions 4 | . . . . . 1 . . . 1 . . . . 1 1 . Damage Taken 19891 | . 766 322 644 1841 3582 2201 124 . 5174 369 1118 130 343 1181 371 1725 Core 2171 | . 116 35 49 131 295 196 22 . 643 112 260 . . 165 . 147 Absorbed by Shields 970 | . . . . . 66 143 . . . . . . . 172 272 317 Redirected to Shielding 50 | . 50 . . . . . . . . . . . . . . . Ignored by Resistances 443 | . . . . . 68 . . . . . . . . 264 . 111 Regen/Repaired (Parts) 1305 | . . . . 407 . . . 543 16 . . . . 339 . . Core Remaining (%) 59 | 100 . 39 87 76 . . . 26 . 24 . . . . 63 . Volleys Fired 694 | . 64 12 57 113 154 73 8 . 78 15 19 10 23 30 8 30 Largest 4 | . 2 2 3 3 3 3 3 . 4 1 1 4 3 4 4 4 Hottest 309 | . 100 80 120 71 76 84 84 . 117 51 88 204 153 248 260 309 Shots Fired 1932 | . 127 24 165 320 453 216 20 . 283 15 18 31 34 80 35 111 Gun 1806 | . 115 12 126 315 452 216 20 . 277 . 6 19 22 80 35 111 Cannon 114 | . 12 12 39 . . . . . 3 15 9 12 12 . . . Launcher 8 | . . . . 5 . . . . . . 3 . . . . . Special 4 | . . . . . 1 . . . 3 . . . . . . . Kinetic 1657 | . 63 12 109 315 452 216 20 . 280 15 9 23 21 66 13 43 Thermal 238 | . 64 12 56 . . . . . . . . . 6 14 18 68 Explosive 8 | . . . . 5 . . . . . . 3 . . . . . Electromagnetic 21 | . . . . . . . . . . . 6 8 7 . . . Entropic 4 | . . . . . . . . . . . . . . . 4 . Robot Hit Streak 21 | . 11 7 12 18 21 13 13 . 12 9 4 3 2 15 3 17 Robot Miss Streak 10 | . 5 4 3 5 5 10 4 . 9 1 4 7 8 4 4 4 Penetration Max 2 | . . . . . 1 1 . . 1 . . 1 . 2 . 1 Secondary Targets 40 | . 3 . 1 4 5 11 . . 11 . . . . 2 . 3 Max Gunslinging Chain 2 | . 1 . 1 1 1 1 . . 2 . . . . 1 . 1 Shots Hit Robots 1293 | . 83 13 92 229 327 150 16 . 207 8 7 10 7 57 13 74 Core Hits 722 | . 34 5 39 99 134 150 23 . 158 7 3 3 4 26 8 29 Critical Kills 13 | . . 1 . 1 2 1 . . 2 3 . . 1 . . 2 Critical Parts Destroyed 17 | . . . . 1 1 2 . . 6 1 1 . . 3 1 1 Critical Strikes 30 | . . 1 . 2 3 3 . . 8 4 1 . 1 3 1 3 Meltdown 1 | . . 1 . . . . . . . . . . . . . . Destroy 28 | . . . . 2 3 3 . . 8 4 1 . 1 3 . 3 Detonate 1 | . . . . . . . . . . . . . . . 1 . Melee Attacks 32 | . . . 1 1 11 3 . . 7 6 2 . . . . 1 Impact . | . . . . . . . . . . . . . . . . . Slashing 24 | . . . 1 1 11 3 . . 7 . . . . . . 1 Piercing 8 | . . . . . . . . . . 6 2 . . . . . Sneak Attacks 2 | . . . . . . . . . 1 . 1 . . . . . Combat Hostiles . | . . . . . . . . . . . . . . . . . Follow-up Attacks . | . . . . . . . . . . . . . . . . . Damage Inflicted 26350 | . 1060 289 1320 4054 5903 3228 362 . 4702 123 299 298 167 1925 694 1926 Guns 23258 | . 873 110 928 3439 5677 3184 354 . 4098 . 107 214 70 1899 379 1926 Cannons 1204 | . 183 179 392 . . . . . 52 123 94 84 97 . . . Explosions 1714 | . . . . 615 220 44 . . 486 . 34 . . . 315 . Melee 130 | . . . . . . . . . 66 . 64 . . . . . Ramming 44 | . 4 . . . 6 . 8 . . . . . . 26 . . Kinetic 21219 | . 544 110 821 3439 5677 3184 354 . 4150 123 120 231 104 1595 84 683 Thermal 3582 | . 512 179 499 . 220 . . . 85 . . . . 304 540 1243 Explosive 1094 | . . . . 615 . 44 . . 401 . 34 . . . . . Electromagnetic 211 | . . . . . . . . . . . 81 67 63 . . . Impact . | . . . . . . . . . . . . . . . . . Slashing 66 | . . . . . . . . . 66 . . . . . . . Piercing 64 | . . . . . . . . . . . 64 . . . . . Entropic 70 | . . . . . . . . . . . . . . . 70 . Highest Corruption 87 | . 1 1 . 1 7 3 4 4 9 21 57 76 87 87 11 4 Average Corruption 12 | . 1 1 . 1 3 1 3 4 6 9 38 69 78 15 11 2 Corruption Purged 8 | . . . . . 8 . . . . . . . . . . . Corruption Blocked 8 | . . . . . 8 . . . . . . . . . . . Effects 312 | . 5 4 . 16 42 9 28 . 33 24 18 52 36 27 18 . Message Errors 70 | . . . . 2 11 3 6 . 4 4 6 17 10 4 3 . Matter Fused 60 | . 4 . . 2 6 . 11 . 8 6 3 6 6 7 1 . Heat Flow Errors 36 | . . 1 . 2 8 . 4 . 4 2 1 5 2 3 4 . Energy Discharges 43 | . . 2 . 4 6 1 3 . 2 8 4 5 4 4 . . Parts Rejected 6 | . . . . . . . . . 3 1 . . 1 1 . . Parts Fused 1 | . . . . . . . . . . 1 . . . . . . Data Loss (minor) 42 | . . 1 . 1 8 3 2 . 4 1 1 10 4 3 4 . Data Loss (major) 11 | . . . . 2 . . 2 . 2 . . 2 2 1 . . Misfires 15 | . . . . 2 3 2 . . 2 . . 2 . . 4 . Alerts 5 | . 1 . . . . . . . 1 1 . 1 . . 1 . Misdirections 3 | . . . . . . . . . . . 2 . . 1 . . Weapon Failures 20 | . . . . 1 . . . . 3 . 1 4 7 3 1 . Overload Shots . | . . . . . . . . . . . . . . . . . Overflow Damage 173 | . . 13 . 25 31 . . . 80 . 24 . . . . . Projectiles 13 | . . 13 . . . . . . . . . . . . . . Explosions 110 | . . . . 25 31 . . . 54 . . . . . . . Melee 50 | . . . . . . . . . 26 . 24 . . . . . Knockbacks . | . . . . . . . . . . . . . . . . . Impact . | . . . . . . . . . . . . . . . . . Kinetic . | . . . . . . . . . . . . . . . . . Secondary . | . . . . . . . . . . . . . . . . . Self-Inflicted Damage 142 | . . . . . . . . . 91 . 51 . . . . . Shots 3 | . . . . . . . . . 2 . 1 . . . . . Rammed 3 | . . . . . 2 . 1 . . . . . . . . . Targets Rammed 5 | . 1 . . . 2 . 1 . . . . . . 1 . . Kicked 2 | . 1 . . . . . . . . . . . . 1 . . Crushed . | . . . . . . . . . . . . . . . . . Highest Temperature 426 | . 121 220 78 138 247 234 251 . 426 204 206 412 316 159 . 13 Average Temperature 71 | . 26 67 26 40 42 90 79 . 111 33 55 125 165 53 . 8 Received Heat Transfer 3734 | . 303 186 204 927 825 628 24 . 270 57 36 24 12 222 . 16 Effects 4 | . . . . . . 1 . . 1 . . . 2 . . . Energy Bleed 3 | . . . . . . 1 . . 1 . . . 1 . . . Interference 1 | . . . . . . . . . . . . . 1 . . . Siege Activations . | . . . . . . . . . . . . . . . . . Martial Activations . | . . . . . . . . . . . . . . . . . Shielding Activations . | . . . . . . . . . . . . . . . . . Robots Disrupted . | . . . . . . . . . . . . . . . . . Combat Hostiles . | . . . . . . . . . . . . . . . . . Robots Corrupted . | . . . . . . . . . . . . . . . . . Combat Hostiles . | . . . . . . . . . . . . . . . . . Parts Fried 1 | . . . . . . . . . . . 1 . . . . . Impact Corruptions . | . . . . . . . . . . . . . . . . . Robots Melted 1 | . . 1 . . . . . . . . . . . . . . Combat Hostiles . | . . . . . . . . . . . . . . . . . Parts Melted 12 | . 3 . 2 . . . . . . . . . . 3 2 2 Heat Transferred 5210 | . 1120 370 1039 . 200 . . . 50 . . . . 407 396 1628 Parts Sabotaged 2 | . . . . . . . . . . . . . . 2 . . Parts Stolen . | . . . . . . . . . . . . . . . . . Parts Stripped . | . . . . . . . . . . . . . . . . . Power Chain Reactions . | . . . . . . . . . . . . . . . . . Alert | -11 -10 -10 -9 -8 -7 -7 -7 -7 -5 -5 -4 -4 -4 -4 -3 -3 ------- Run | Yrd Mat Min Mat Mat Fac Sto Rec Scr Fac Upp Fac Upp Upp War Pro Res Maximum Alert Level 4 | . 1 . . 1 4 4 2 . 2 . 2 . . . . . Low Security (%) 52 | . 95 100 100 68 16 . 49 . 54 . 51 . . . . 100 Level 1 28 | . 4 . . 31 55 . 35 . 25 . 15 . . . . . Level 2 6 | . . . . . . 22 14 . 20 . 32 . . . . . Level 3 9 | . . . . . 27 38 . . . . . . . . . . Level 4 2 | . . . . . . 38 . . . . . . . . . . Level 5 . | . . . . . . . . . . . . . . . . . High Security . | . . . . . . . . . . . . . . . . . Max Security . | . . . . . . . . . . . . . . . . . Peak Influence 1247 | . 216 61 105 366 1101 1247 482 . 606 . 567 . . . . 84 Initial 500 | . . 61 . 28 161 500 473 . . . 200 . . . . . Average 265 | . 112 11 47 145 428 941 182 . 181 . 274 . . . . 30 Influence Increases 9067 | . 581 79 599 1124 1817 1434 234 . 1062 237 777 310 136 260 170 247 Destroy 0b10 Robot/C 5020 | . 440 60 440 720 820 800 60 . 560 80 280 260 120 140 100 140 Destroy 0b10 Robot/NC 330 | . 5 5 35 55 75 75 5 . 45 . 20 . . . . 10 Destroy Leader 1090 | . 82 10 98 186 218 170 . . 136 20 86 20 10 . 10 44 Allied During Kill 266 | . . 4 4 . . 176 . . . 2 44 30 6 . . . Successful Hack 161 | . 23 . 4 28 46 30 19 . 7 . 4 . . . . . Select Force Hacks 270 | . 30 . . 30 60 . 150 . . . . . . . . . Disable Machine 690 | . . . . 15 390 45 . . 150 . 75 . . . . 15 Anti-Garrison Action 150 | . . . . . . . . . . . 150 . . . . . Destroy Structure 445 | . 1 . 3 60 73 18 . . 164 . 118 . . . . 8 Partial Spotted 15 | . . . . . . . . . . . . . . . . 15 Lose Combat Pursuer 630 | . . . 15 30 135 120 . . . 135 . . . 120 60 15 Influence Decreases 9048 | . 423 237 530 837 1073 1320 1448 . 515 466 536 576 325 266 268 228 Entered New Map 2463 | . . 97 . 41 195 600 741 . . 204 118 208 57 104 98 . Time Decay 5003 | . 393 115 460 619 748 380 427 . 275 222 318 368 238 142 170 128 Lost Part 845 | . 30 5 50 . 130 120 . . 240 40 100 . 10 20 . 100 Lost Ally 280 | . . 20 20 . . 220 . . . . . . 20 . . . Purge Threat 457 | . . . . 177 . . 280 . . . . . . . . . Squads Dispatched 70 | . 4 1 2 6 19 17 . . 12 . 8 . . . . 1 Investigation 15 | . 2 . 1 4 4 2 . . 1 . 1 . . . . . Extermination 15 | . . . . . 8 2 . . 3 . 1 . . . . 1 Reinforcement 21 | . 2 . 1 2 4 4 . . 5 . 3 . . . . . Assault 11 | . . 1 . . 3 5 . . . . 2 . . . . . Garrison 8 | . . . . . . 4 . . 3 . 1 . . . . . Intercept . | . . . . . . . . . . . . . . . . . Searches Triggered . | . . . . . . . . . . . . . . . . . Construction Impeded 4 | . . . . 1 . . . . 3 . . . . . . . Haulers Reinforced 2 | . . . . . 1 1 . . . . . . . . . . Active Scanning Responses . | . . . . . . . . . . . . . . . . . Cargo Convoy Interrupts 1 | . . . . . . . . . . . . . . . . 1 Stealth | -11 -10 -10 -9 -8 -7 -7 -7 -7 -5 -5 -4 -4 -4 -4 -3 -3 --------- Run | Yrd Mat Min Mat Mat Fac Sto Rec Scr Fac Upp Fac Upp Upp War Pro Res Distress Signals 21 | . 2 . 3 1 2 6 . . 3 . 1 . . 2 . 1 Communications Jammed . | . . . . . . . . . . . . . . . . . Distress Signals . | . . . . . . . . . . . . . . . . . Times Spotted 464 | . 28 5 27 47 64 68 2 . 44 13 15 11 6 96 9 29 Peak Tracking Total 19 | . 6 4 4 4 10 12 1 . 8 4 5 3 4 19 5 10 Tactical Retreats 25 | . . . 1 2 4 7 . . . 4 . . . 4 2 1 Traps | -11 -10 -10 -9 -8 -7 -7 -7 -7 -5 -5 -4 -4 -4 -4 -3 -3 ------- Run | Yrd Mat Min Mat Mat Fac Sto Rec Scr Fac Upp Fac Upp Upp War Pro Res Traps Triggered 8 | . 1 . . 2 1 . . . 2 . 1 . . 1 . . Indirectly . | . . . . . . . . . . . . . . . . . Trap Hack Attempts . | . . . . . . . . . . . . . . . . . Triggered . | . . . . . . . . . . . . . . . . . Disarmed . | . . . . . . . . . . . . . . . . . Reprogrammed . | . . . . . . . . . . . . . . . . . Reused . | . . . . . . . . . . . . . . . . . Traps Extracted . | . . . . . . . . . . . . . . . . . Installed . | . . . . . . . . . . . . . . . . . Triggered . | . . . . . . . . . . . . . . . . . Machines | -11 -10 -10 -9 -8 -7 -7 -7 -7 -5 -5 -4 -4 -4 -4 -3 -3 ---------- Run | Yrd Mat Min Mat Mat Fac Sto Rec Scr Fac Upp Fac Upp Upp War Pro Res Machines Disabled 48 | . . . . 1 26 3 . . 10 . 6 . . 1 . 1 Max in Single Turn 20 | . . . . 1 20 1 . . 4 . 1 . . 1 . 1 Garrison Access 1 | . . . . . . . . . . . 1 . . . . . Machines Repaired . | . . . . . . . . . . . . . . . . . Machines Dismantled 1 | . . . . . . . . . . . . . . 1 . . Machines Sabotaged . | . . . . . . . . . . . . . . . . . Overloaded Fab Kills . | . . . . . . . . . . . . . . . . . Hacking | -11 -10 -10 -9 -8 -7 -7 -7 -7 -5 -5 -4 -4 -4 -4 -3 -3 --------- Run | Yrd Mat Min Mat Mat Fac Sto Rec Scr Fac Upp Fac Upp Upp War Pro Res Machines Accessed 78 | . 6 . 4 14 17 3 11 3 5 1 3 . 1 9 . 1 Terminals 42 | . 5 . 4 9 9 3 6 . 3 1 2 . . . . . Fabricators 3 | . . . . . 1 . . . 1 . 1 . . . . . Repair Stations 4 | . . . . 2 2 . . . . . . . . . . . Recycling Units 10 | . 1 . . 1 2 . 5 . . . . . . . . 1 Scanalyzers 6 | . . . . 2 3 . . . 1 . . . . . . . Garrison Access . | . . . . . . . . . . . . . . . . . Total Hacks 197 | . 16 . 10 43 40 6 28 5 13 1 7 . 1 24 . 3 Successful 106 | . 8 . 3 24 17 2 12 5 6 1 2 . 1 24 . 1 Failed 90 | . 8 . 7 18 23 4 16 . 7 . 5 . . . . 2 Catastrophic 22 | . 3 . 1 1 5 3 4 . 2 . 1 . . . . 2 Database Lockouts 1 | . . . . 1 . . . . . . . . . . . . Manual 66 | . 17 1 5 11 10 1 20 . 1 . . . . . . . Terminals 99 | . 15 . 10 22 13 6 18 . 9 1 5 . . . . . Fabricators 8 | . . . . . 3 . . . 3 . 2 . . . . . Repair Stations 22 | . . . . 16 6 . . . . . . . . . . . Recycling Units 19 | . 1 . . 1 4 . 10 . . . . . . . . 3 Scanalyzers 19 | . . . . 4 14 . . . 1 . . . . . . . Garrison Access . | . . . . . . . . . . . . . . . . . Terminal Hacks 55 | . 3 . 1 7 3 2 5 5 3 1 . . 1 24 . . Record 20 | . . . . . 1 . . 4 . 1 . . . 14 . . Robot Analysis 4 | . 2 . . 2 . . . . . . . . . . . . Prototype ID Bank 14 | . 1 . 1 2 . . 1 . . . . . . 9 . . Open Door 2 | . . . . . . . . . . . . . 1 1 . . Branch Access Points 2 | . . . . . 1 1 . . . . . . . . . . Terminal Index 3 | . . . . . 1 . 1 . 1 . . . . . . . Recycling Unit Index 1 | . . . . . . . 1 . . . . . . . . . Alert Level 1 | . . . . . . . . . 1 . . . . . . . Unreport Threat 4 | . . . . 2 . . 2 . . . . . . . . . Locate Traps 2 | . . . . . . 1 . . 1 . . . . . . . Zone Layout 1 | . . . . 1 . . . . . . . . . . . . Proto ID Catalog 1 | . . . . . . . . 1 . . . . . . . . Fabricator Hacks 5 | . . . . . 1 . . . 2 . 2 . . . . . Load Schematic 3 | . . . . . 1 . . . 1 . 1 . . . . . Build 2 | . . . . . . . . . 1 . 1 . . . . . Repair Station Hacks 12 | . . . . 11 1 . . . . . . . . . . . Scan Component 7 | . . . . 6 1 . . . . . . . . . . . Repair 5 | . . . . 5 . . . . . . . . . . . . Recycling Unit Hacks 2 | . . . . . . . 1 . . . . . . . . 1 Report Inventory 1 | . . . . . . . 1 . . . . . . . . . Retrieve Components 1 | . . . . . . . . . . . . . . . . 1 Scanalyzer 13 | . . . . 2 10 . . . 1 . . . . . . . Insert Component 4 | . . . . . 4 . . . . . . . . . . . Analyze 3 | . . . . . 3 . . . . . . . . . . . Retrieve Study 6 | . . . . 2 3 . . . 1 . . . . . . . Garrison Access Hacks . | . . . . . . . . . . . . . . . . . Unauthorized Hacks 19 | . 5 . 2 4 2 . 6 . . . . . . . . . Terminals 10 | . 4 . 2 3 . . 1 . . . . . . . . . Botnet 7 | . 3 . 2 1 . . 1 . . . . . . . . . Disrupt 2 | . . . . 2 . . . . . . . . . . . . Operators 1 | . 1 . . . . . . . . . . . . . . . Fabricators . | . . . . . . . . . . . . . . . . . Repair Stations . | . . . . . . . . . . . . . . . . . Recycling Units 9 | . 1 . . 1 2 . 5 . . . . . . . . . Tunnel 9 | . 1 . . 1 2 . 5 . . . . . . . . . Scanalyzers . | . . . . . . . . . . . . . . . . . Garrison Access . | . . . . . . . . . . . . . . . . . Data Cores Recovered . | . . . . . . . . . . . . . . . . . Used . | . . . . . . . . . . . . . . . . . Hacking Detections 55 | . 5 . 4 12 13 4 7 . 5 1 3 . . . . 1 Full Trace Events 9 | . 1 . 1 1 1 2 2 . . . 1 . . . . . Feedback Events 3 | . 1 . . 1 . . 1 . . . . . . . . . Corruption 3 | . 1 . . 1 . . 1 . . . . . . . . . Feedback Blocked . | . . . . . . . . . . . . . . . . . Robot Schematics Acquired . | . . . . . . . . . . . . . . . . . Robots Built . | . . . . . . . . . . . . . . . . . Authchips . | . . . . . . . . . . . . . . . . . Time . | . . . . . . . . . . . . . . . . . Total Robot Build Rating . | . . . . . . . . . . . . . . . . . Part Schematics Acquired 3 | . . . . . 3 . . . . . . . . . . . Parts Built 2 | . . . . . . . . . 2 . . . . . . . Authchips 1 | . . . . . . . . . 1 . . . . . . . Time 126 | . . . . . . . . . 42 . 84 . . . . . Total Part Build Rating 8 | . . . . . . . . . 8 . . . . . . . Part Studies Acquired 6 | . . . . 2 3 . . . 1 . . . . . . . Parts Repaired 5 | . . . . 5 . . . . . . . . . . . . Time 193 | . . . . 193 . . . . . . . . . . . . Parts Recycled . | . . . . . . . . . . . . . . . . . Recycled Matter . | . . . . . . . . . . . . . . . . . Retrieved Matter . | . . . . . . . . . . . . . . . . . Retrieved Components 2 | . . . . . . . . . . . . . . . . 2 Parts Scanalyzed 3 | . . . . . 3 . . . . . . . . . . . Part Schematics Acquired 3 | . . . . . 3 . . . . . . . . . . . Parts Damaged . | . . . . . . . . . . . . . . . . . Bothacking | -11 -10 -10 -9 -8 -7 -7 -7 -7 -5 -5 -4 -4 -4 -4 -3 -3 ------------ Run | Yrd Mat Min Mat Mat Fac Sto Rec Scr Fac Upp Fac Upp Upp War Pro Res Used RIF Installer . | . . . . . . . . . . . . . . . . . Robots Hacked 3 | . . . . . 1 . . . 2 . . . . . . . Non-combat 3 | . . . . . 1 . . . 2 . . . . . . . Combat . | . . . . . . . . . . . . . . . . . Robot Hacks Applied 3 | . . . . . 1 . . . 2 . . . . . . . find_chute 2 | . . . . . 1 . . . 1 . . . . . . . find_recycling 1 | . . . . . . . . . 1 . . . . . . . Relay Couplers Released 5 | . . . . . 4 . . . . . 1 . . . . . Machine Destruction 1 | . . . . . . . . . . . 1 . . . . . Programmers 4 | . . . . . 4 . . . . . . . . . . . Fabnet Peak Effective % . | . . . . . . . . . . . . . . . . . Robots Rewired . | . . . . . . . . . . . . . . . . . Allies Hacked . | . . . . . . . . . . . . . . . . . Hacks Repelled . | . . . . . . . . . . . . . . . . . Allies | -11 -10 -10 -9 -8 -7 -7 -7 -7 -5 -5 -4 -4 -4 -4 -3 -3 -------- Run | Yrd Mat Min Mat Mat Fac Sto Rec Scr Fac Upp Fac Upp Upp War Pro Res Total Allies 16 | . . 3 . . . 12 . . . 1 . . . . . . Largest Group 10 | . . 3 1 . . 10 . . . 1 1 1 1 . . . Highest-Rated Group 173 | . . 77 15 . . 173 . . . 146 146 146 140 . . . Highest-Rated Ally 146 | . . 31 15 . . 31 . . . 146 146 146 140 . . . Initial UFD Resources 42 | . . . . . . . . . 37 37 40 40 40 40 42 42 Total Orders . | . . . . . . . . . . . . . . . . . Ally Attacks 162 | . . 7 . . . 87 . . . 2 42 19 5 . . . Total Damage 5182 | . . 106 . . . 1129 . . . 33 2192 1271 451 . . . Kills 41 | . . 1 . . . 7 . . . 1 16 13 3 . . . Allies Corrupted . | . . . . . . . . . . . . . . . . . Allies Melted 3 | . . 1 . . . . . . . . . . . 2 . . Intel | -11 -10 -10 -9 -8 -7 -7 -7 -7 -5 -5 -4 -4 -4 -4 -3 -3 ------- Run | Yrd Mat Min Mat Mat Fac Sto Rec Scr Fac Upp Fac Upp Upp War Pro Res Active Infowar (turns) 1155 | . . . . . . . . . 175 465 230 . . 2 . 283 Optics 760 | . . . . . . . . . 12 465 . . . . . 283 Sensors 390 | . . . . . . . . . 163 . 227 . . . . . Terrain 263 | . . . . . . . . . . 263 . . . . . . Cloaking 2 | . . . . . . . . . . . . . . 2 . . Jamming 3 | . . . . . . . . . . . 3 . . . . . Robot Analysis Total 4 | . 2 . . 2 . . . . . . . . . . . . Derelict Logs Recovered 6 | . . 3 . . . . . . . 1 . 2 . . . . Drone Launches . | . . . . . . . . . . . . . . . . . Drone Recoveries . | . . . . . . . . . . . . . . . . . Exploration | -11 -10 -10 -9 -8 -7 -7 -7 -7 -5 -5 -4 -4 -4 -4 -3 -3 ------------- Run | Yrd Mat Min Mat Mat Fac Sto Rec Scr Fac Upp Fac Upp Upp War Pro Res Turns Passed 21123 | . 999 583 1354 3046 4093 893 1350 2580 1436 473 719 850 504 1385 500 358 Spaces Moved 11165 | 1 553 257 572 994 1814 294 701 1579 645 653 494 602 374 1000 440 192 Core 506 | . . . 2 . . . . . 18 486 . . . . . . Treads 7247 | . 247 257 481 994 1814 294 701 1579 627 . 101 152 . . . . Legs 2852 | 1 306 . 89 . . . . . . . . 450 374 1000 440 192 Wheels . | . . . . . . . . . . . . . . . . . Hover 451 | . . . . . . . . . . 167 284 . . . . . Flight 109 | . . . . . . . . . . . 109 . . . . . Fastest Speed 50 | 120 120 160 120 232 162 162 160 149 50 50 53 120 112 103 104 104 Average Speed 155 | 120 137 204 189 238 181 203 184 159 164 55 107 130 114 109 104 106 Slowest Speed 350 | 120 160 320 350 243 216 208 208 208 280 140 240 260 190 112 105 113 Overloaded Moves . | . . . . . . . . . . . . . . . . . Propulsion Burnouts . | . . . . . . . . . . . . . . . . . Robots Hopped . | . . . . . . . . . . . . . . . . . Potential Cave-ins . | . . . . . . . . . . . . . . . . . Cave-ins Triggered 1 | . . . . . . . . . . 1 . . . . . . Exploration Rate (%) 56 | 2 92 59 57 76 53 45 96 93 20 63 9 85 53 87 67 6 Regions Visited 16 Branch Regions 9 Pre-discovered Areas 11 | . 1 2 . 1 2 . 5 . . . . . . . . . Known Exits Taken 7 | . . . 1 . 1 1 . . 1 . 1 1 1 . . . Unknown Exits Taken 9 | 1 1 1 . 1 . . 1 1 . 1 . . . 1 1 . Scrap Searched 22 | . . 1 . . . . . 8 . 3 . 4 2 . 4 . Spaces Dug 28 | . . . 1 1 9 3 . . 5 4 . . 4 . . 1 Terrain Destroyed 370 | . . . 1 72 67 26 1 . 104 4 34 2 8 10 38 3 Melee 24 | . . . 1 1 9 3 . . 5 4 . . . . . 1 Projectile 43 | . . . . . . 4 1 . 3 . . 2 8 10 13 2 AOE 302 | . . . . 71 58 18 . . 96 . 34 . . . 25 . Terrain Rammed . | . . . . . . . . . . . . . . . . . Walls Destroyed . | . . . . . . . . . . . . . . . . . Machines Disabled . | . . . . . . . . . . . . . . . . . Actions | -11 -10 -10 -9 -8 -7 -7 -7 -7 -5 -5 -4 -4 -4 -4 -3 -3 --------- Run | Yrd Mat Min Mat Mat Fac Sto Rec Scr Fac Upp Fac Upp Upp War Pro Res Total 13491 | . 662 291 721 1424 2320 432 741 1639 850 747 657 641 415 1221 459 271 Wait 877 | . 19 14 25 236 235 23 8 3 49 40 80 7 2 115 . 21 Move 11150 | . 552 256 571 993 1813 293 700 1578 644 652 493 601 373 1000 439 192 Hop . | . . . . . . . . . . . . . . . . . Pick Up 175 | . 9 3 26 20 29 13 8 10 18 5 14 5 1 2 5 7 Fast Attach 138 | . 3 1 7 12 7 4 3 11 9 7 23 8 10 24 3 6 Attach 96 | . 4 1 5 8 21 12 1 3 18 8 7 1 1 2 1 3 Detach 20 | . . . . . 1 . . 1 2 8 5 . . . . 3 Swap 105 | . 4 2 15 14 20 5 2 12 13 . . 2 . 9 2 5 Drop 192 | . 6 2 14 27 27 6 10 21 12 6 14 7 5 31 1 3 Fire 694 | . 64 12 57 113 154 73 8 . 78 15 19 10 23 30 8 30 Melee 32 | . . . 1 1 11 3 . . 7 6 2 . . . . 1 Ram . | . . . . . . . . . . . . . . . . . Kick 1 | . 1 . . . . . . . . . . . . . . . Crush 3 | . . . . . 2 . 1 . . . . . . . . . Escape Stasis . | . . . . . . . . . . . . . . . . . Rewire . | . . . . . . . . . . . . . . . . . Trap . | . . . . . . . . . . . . . . . . . Miscellaneous 8 | . . . . . . . . . . . . . . 8 . . Route ------- -11/Scrapyard -10/Materials (discovered 5 exits: *Mat x3 / *Min x2) -10/Mines -9/Materials (discovered 2 exits: *Mat x2) -8/Materials (discovered 2 exits: *Fac x2) -7/Factory (discovered 6 exits: *Fac x2 / *Sto x2 / *Low x2) -7/Storage -7/Recycling (discovered 2 exits: *Fac / *Scr) -7/Scraptown (discovered 2 exits: *Fac x2) -5/Factory -5/Upper Caves -4/Factory -4/Upper Caves -4/Upper Caves -4/Warlord -3/Proximity Caves -3/Research History --------- Turn | Location | Event 1 | -11/Scrapyard | Discovered new exit (range 0) 1 | -11/Scrapyard | Entered Materials 79 | -10/Materials | Discovered new exit (range 7) 125 | -10/Materials | Discovered new exit (range 10) 190 | -10/Materials | Discovered new exit (range 8) 319 | -10/Materials | Build established: Mutant 568 | -10/Materials | Discovered new exit (range 4) 762 | -10/Materials | Discovered new exit (range 3) 1000 | -10/Materials | Entered Mines 1082 | -10/Mines | Learned location of 1 exit from Materials 1086 | -10/Mines | Met a Derelict testing a Signal Generator 1285 | -10/Mines | Core integrity fell below 50% 1484 | -10/Mines | Learned location of Storage (-7) 1493 | -10/Mines | Learned Materials terminal intel 1516 | -10/Mines | Discovered new exit (range 11) 1583 | -10/Mines | Entered Materials 1583 | -9/Materials | Accompanied by 1 ally 1583 | -9/Materials | Evolved 2 slots: Propulsion x1, Weapon x1 1584 | -9/Materials | Identified exit to Materials 1585 | -9/Materials | Loaded intel: 12 terminal locations 1903 | -9/Materials | Lost 3 parts (2n1w) 1967 | -9/Materials | Build established: Scavenger-Gunner 2147 | -9/Materials | Discovered exit to Materials (range 10) 2405 | -9/Materials | Build established: Gunner 2937 | -9/Materials | Entered another Materials area 2937 | -8/Materials | Evolved 2 slots: Propulsion x1, Utility x1 3561 | -8/Materials | Discovered new exit (range 15) 3838 | -8/Materials | Build established: Tank 4530 | -8/Materials | Build established: Scavenger-Tank 4580 | -8/Materials | Repaired Med. Armor Plating 4634 | -8/Materials | Repaired Broken Arm. Treads 4667 | -8/Materials | Repaired Imp. Treads 5081 | -8/Materials | Central database locked down 5626 | -8/Materials | Build established: Tank 5710 | -8/Materials | Repaired Imp. Treads 5756 | -8/Materials | Repaired Hvy. Missile Launcher 5923 | -8/Materials | Discovered new exit (range 3) 5983 | -8/Materials | Entered Factory 5983 | -7/Factory | Evolved 2 slots: Propulsion x1, Utility x1 6292 | -7/Factory | Build established: Scavenger-Gunner 6856 | -7/Factory | Lost 3 parts (1u2w) 8732 | -7/Factory | Discovered new exit (range 6) 8746 | -7/Factory | Identified exit to Factory 9043 | -7/Factory | Build established: Scavenger-Tank 9151 | -7/Factory | Discovered new exit (range 7) 9155 | -7/Factory | Identified exit to Storage 9155 | -7/Factory | Identified exit to Lower Caves 9183 | -7/Factory | First assault squad dispatched 9751 | -7/Factory | Discovered exit to Factory (range 9) 10076 | -7/Factory | Entered Storage 10105 | -7/Storage | Met a pair of Derelict thieves 10358 | -7/Storage | Assisted by bots powering up and referring to "LRC-V3" 10392 | -7/Storage | Garrison activated, responded to threat 10424 | -7/Storage | Core integrity fell below 50% 10476 | -7/Storage | First assault squad dispatched 10504 | -7/Storage | Garrison activated, responded to threat 10506 | -7/Storage | Identified exit to Recycling 10549 | -7/Storage | Lost 3 allies 10676 | -7/Storage | Destroyed 10 combat bots 10714 | -7/Storage | Lost 7 parts (4n2u1w) 10963 | -7/Storage | Used back door to open Recycling access 10969 | -7/Storage | Entered Recycling 10990 | -7/Recycling | Build established: Scavenger-Gunner 11071 | -7/Recycling | Scanned before Scraplab entrance 11102 | -7/Recycling | Entered Scraplab 11119 | -7/Recycling | Discovered new exit (range 4) 11498 | -7/Recycling | Discovered new exit (range 16) 12319 | -7/Recycling | Entered Scraptown 12339 | -7/Scraptown | System corruption cleaned by C-Scrubber 12760 | -7/Scraptown | Visited Symbiants 12806 | -7/Scraptown | Visited Comm Corps 13295 | -7/Scraptown | Visited Junk Repository 13353 | -7/Scraptown | Visited SPCMW 13430 | -7/Scraptown | Visited CPS Storage 13454 | -7/Scraptown | Visited CR-KLE's Repair Center 13467 | -7/Scraptown | CR-KLE repaired 11 parts 13563 | -7/Scraptown | Discovered new exit (range 5) 13754 | -7/Scraptown | Visited UFD Registry 13754 | -7/Scraptown | Registered with UFD as "Fibertank" 13823 | -7/Scraptown | Visited Chapter 10 13870 | -7/Scraptown | Visited Curators Association 13912 | -7/Scraptown | Visited Infowarlord's Domain 13924 | -7/Scraptown | Found Spectral Analyzer 13957 | -7/Scraptown | Visited Modified Component R&D 14078 | -7/Scraptown | Visited DA-N13 Charitable Foundation 14092 | -7/Scraptown | Found DCF Scrap (29 items) 14130 | -7/Scraptown | Visited Scrap Suit Storage 14147 | -7/Scraptown | Found Scrap Suit 14187 | -7/Scraptown | Visited Derelict Rescue Squad 14402 | -7/Scraptown | Build established: Gunner 14536 | -7/Scraptown | Visited Science Guys 14599 | -7/Scraptown | Visited Scrapoid Research Area 14643 | -7/Scraptown | Visited Sword Containment 14882 | -7/Scraptown | Discovered new exit (range 5) 14899 | -7/Scraptown | Entered Factory 14899 | -5/Factory | Evolved 4 slots: Propulsion x1, Utility x2, Weapon x1 15298 | -5/Factory | Build established: Scavenger-Scrapper 15419 | -5/Factory | Fabricated Gauss Rifle? 15619 | -5/Factory | Build established: Scrapper 15630 | -5/Factory | Garrison activated, responded to threat 15685 | -5/Factory | Lost 5 parts (1p2n2w) 15722 | -5/Factory | Destroyed 12 combat bots 16069 | -5/Factory | Lost 4 parts (4w) 16327 | -5/Factory | Core integrity fell below 50% 16331 | -5/Factory | Discovered new exit (range 9) 16334 | -5/Factory | Identified exit to Upper Caves 16335 | -5/Factory | Entered Upper Caves 16337 | -5/Upper Caves | Encountered a Warlord checkpoint 16360 | -5/Upper Caves | Lost 7 parts (2n3u2w) 16429 | -5/Upper Caves | Learned location of 1 exit from Factory 16528 | -5/Upper Caves | Spotted B-75 Beast 16608 | -5/Upper Caves | Build established: Mutant 16634 | -5/Upper Caves | Found DCF Scrap (11 items) 16800 | -5/Upper Caves | Crushed by falling debris 16800 | -5/Upper Caves | System corruption reached 10% 16805 | -5/Upper Caves | NK-0LA showed up to help 16807 | -5/Upper Caves | NK-0LA revealed a hidden path 16808 | -5/Upper Caves | Entered Factory 16808 | -4/Factory | Accompanied by 1 ally (NK-0LA) 16808 | -4/Factory | Evolved 2 slots: Power x1, Utility x1 16809 | -4/Factory | Identified exit to Upper Caves 16831 | -4/Factory | Lost 4 parts (1p3u) 17173 | -4/Factory | System corruption reached 10% 17174 | -4/Factory | Garrison activated, responded to threat 17319 | -4/Factory | System corruption reached 30% 17332 | -4/Factory | Lost 8 parts (1p4n1u2w) 17443 | -4/Factory | Found Heavy Servo Lattice 17527 | -4/Factory | Entered Upper Caves 17527 | -4/Upper Caves | Accompanied by 1 ally (NK-0LA) 17868 | -4/Upper Caves | Attracted the attention of an 0b10 checkpoint 18034 | -4/Upper Caves | Entered a destroyed Warlord outpost 18083 | -4/Upper Caves | Build established: Scavenger-Tank 18150 | -4/Upper Caves | Learned Research garrison access intel 18173 | -4/Upper Caves | Learned Research stockpile data 18364 | -4/Upper Caves | Discovered new exit (range 11) 18375 | -4/Upper Caves | Identified exit to Upper Caves 18377 | -4/Upper Caves | Entered another Upper Caves area 18377 | -4/Upper Caves | Accompanied by 1 ally (NK-0LA) 18379 | -4/Upper Caves | Attracted the attention of an 0b10 checkpoint 18478 | -4/Upper Caves | Build established: Scavenger-Gunner 18532 | -4/Upper Caves | Found Prototype Device 18532 | -4/Upper Caves | Identified Thermal Barrier 18826 | -4/Upper Caves | Build established: Scavenger-Tank 18878 | -4/Upper Caves | Discovered new exit (range 3) 18879 | -4/Upper Caves | Identified exit to Warlord 18881 | -4/Upper Caves | Entered Warlord 18922 | -4/Warlord | System corruption cleaned by Quarantine Array 19076 | -4/Warlord | Learned Armory fabricator intel 19076 | -4/Warlord | Learned Armory scanalyzer intel 19076 | -4/Warlord | Learned Research garrison access intel 19076 | -4/Warlord | Learned 4 Armory zone layouts 19076 | -4/Warlord | Learned 4 Research zone layouts 19076 | -4/Warlord | Learned 4 Access zone layouts 19076 | -4/Warlord | Learned 4 Access zone layouts 19076 | -4/Warlord | Learned Testing trap positions 19076 | -4/Warlord | Learned Quarantine stockpile data 19262 | -4/Warlord | Found Prototype Special Weapon 19262 | -4/Warlord | Identified RU-N14's Throwing Claymores v3 19351 | -4/Warlord | Visited the Vortex Lab 19364 | -4/Warlord | Found Prototype Energy Gun 19364 | -4/Warlord | Identified Vortex Rail 19366 | -4/Warlord | Warlord's base attacked by MAIN.C 19367 | -4/Warlord | Found Vortex Rail 19447 | -4/Warlord | Rebuked by Warlord 19621 | -4/Warlord | Found Prototype Device 19621 | -4/Warlord | Identified Exp. Cloaking Device 19635 | -4/Warlord | Found Prototype Reactor 19635 | -4/Warlord | Identified Vortex Chain Reactor 19716 | -4/Warlord | Warlord forces counterattacked 19757 | -4/Warlord | Lost 9 allies 19757 | -4/Warlord | Spotted Executioner 19790 | -4/Warlord | Spotted Striker 19856 | -4/Warlord | Spotted Striker 19892 | -4/Warlord | Spotted Executioner 19899 | -4/Warlord | Spotted Striker 19903 | -4/Warlord | Destroyed Executioner 19917 | -4/Warlord | Spotted Executioner 19967 | -4/Warlord | Lost 24 allies 20041 | -4/Warlord | Warlord base infiltrated, sounded retreat 20119 | -4/Warlord | Spotted B-90 Cyclops 20149 | -4/Warlord | Spotted Executioner 20213 | -4/Warlord | Lost 6 allies 20224 | -4/Warlord | Spotted Executioner 20245 | -4/Warlord | Attacked by Warlord forces 20246 | -4/Warlord | Spotted 5B-M1B(K) 20249 | -4/Warlord | Discovered new exit (range 15) 20266 | -4/Warlord | Spotted Striker 20266 | -4/Warlord | Spotted Striker 20266 | -4/Warlord | Entered Proximity Caves 20286 | -3/Proximity Caves | Lost 3 allies 20314 | -3/Proximity Caves | Ambushed by research squad 20562 | -3/Proximity Caves | Spotted B-86 Titan 20646 | -3/Proximity Caves | Discovered new exit (range 10) 20766 | -3/Proximity Caves | Entered Research 20766 | -3/Research | Evolved 2 slots: Utility x2 20769 | -3/Research | Loaded intel: 4 garrison access locations 21067 | -3/Research | Lost 3 parts (3u) 21123 | -3/Research | Cargo convoy interrupted 21124 | -3/Research | Self-destructed Last Messages --------------- 21115_ Terminal disabled. 21115_ Exp. Myomer Leg destroyed. 21116_ A-27 Freighter sends out distress signal. 21118_ Quantum Rifle destroyed. 21118_ Slug penetrates P-80 Master. 21122_ C-45 Heavy ARC bursts open, deploying its payload. 21122_ P-80 Master unfolds itself. 21122_ X-87 Electro unfolds itself. 21122_ H-77 Assassin unfolds itself. 21122_ P-80 Master unfolds itself. 21122_ E-15 Imp unfolds itself. 21122_ KE Penetrator+ destroyed. 21122_ Penetrated by Slug. 21122_ Slug penetrates Terminal. 21123_ ALERT: Cargo convoy interrupted, initiating access lockdown. 21124_ Hvy. Armor Plating destroyed. 21124_ Biometal Leg destroyed. 21124_ Adv. Visual Processing Unit destroyed. Map ----- +----------------------------------------------------+ | ????????????????????????????????????????????? | | ????????????????????????????????????????????? | | ????????????????????????????????????????????? | | ??????????????????????????*?????????????????? | | ????????????????????????????????????????????? | | ????????????????????????????????????????????? | | ????????????????????????????????????????????? | | ????????????????????? ?????????????????????? | | ????????????????????# #???????????????????? | | ???????????????????? ????????????????????? | | ?????????????###???? ! ????????????????????? | | ?????????????# ????? ????????????????????? | | ?????????????# ???? ????????????????????? | | ?????????????# "???? ????????????????????? | | ?????????????# ????# #????????????????????? | | ????######???? ????#p#????????????????????? | | ???? ?????# ##### ###??????????????????? | | ????? ????# p k^ ##+########????????? | | ?????? ##### #????????? | | ???????? +????????? | | ?????????# #????????? | | ?????????# = #????????? | | ?????????+ ]] // #????????? | | ?????????# ]] // #????????? | | ?????????#A ] // #####????? | | ?????????# ]xp e @ #??? | | ?????????# Ch p #??? | | ?????????# # "" "T"""" ######## #??? | | ?????????# #"""""""""""#???????????? | | ??# ????# #############???????????? | | ??# # !#?????#?????????????????? | | ??# " = ###?# #?????????????????? | | ??# # !%! *[ # # #?????????????????? | | ??#####?## #### #" ## #???????????????????? | | ???????? # #[=#*#* #????????????????????? | | ???????### # ####+### #####????????????????? | | ?????????# ###[%*[[!=[ #????????????????? | | ########## [/%[/*[ +????????????????? | | # =#* #????????????????? | | = # =%#* #????????????????? | | ! #% === #????????????????? | | # # #????????????????? | | = # + #????????????????? | | " # "" "" #????????????????? | | # # ""T"" #????????????????? | | # # """ #????????????????? | | ########## # #????????????????? | | #?# # #????????????????? | | #?# ##############????????????????? | | #?# ?????????????????????????????? | +----------------------------------------------------+ Best States ------------- Heat Dissipation 147 Energy Generation 55 Energy Capacity 700 Matter Stores 300 Matter Capacity 300 Sight Range 24 Robot Scan Range 16 Terrain Scan Range 16 Terrain Scan Density 10 Base Temperature (-) 200 Corruption Block 8 Armor Coverage 825 Resistance: KI 30 Resistance: TH 50 Resistance: EX 50 Propulsion Shielding 33 Point Defense Rating 160 Evasion (%) 67 Targeting Accuracy 8 Target Analysis 6 Core Analysis 6 Recoil Reduction 6 Offensive Hacking 14 Authchip Count 1 Item Schematics ----------------- Hrd. Medium Armor Plating | -7/Factory | Scanalyzed Gauss Rifle | -7/Factory | Scanalyzed Imp. Medium Armor Plating | -7/Factory | Scanalyzed Robot Schematics ------------------ None Fabricated ------------ Gauss Rifle | x2 | -5/Factory | Authchip Repaired ---------- Med. Armor Plating | 7% | -8/Materials Arm. Treads | 84% | -8/Materials | Broken Imp. Treads | 26% | -8/Materials Imp. Treads | 32% | -8/Materials Hvy. Missile Launcher | 64% | -8/Materials Studied --------- Gauss Rifle | -8/Materials | Hacked Arm. Treads | -8/Materials | Hacked Lgt. Treads | -7/Factory | Hacked Katana | -7/Factory | Hacked Med. Treads | -7/Factory | Hacked KE Penetrator | -5/Factory | Hacked Alien Tech Used ----------------- None Achievements -------------- Like A Rock Official Business Plot Armor Challenges ------------ None Game ------ Seed ActiveProjectionWarhead Manual? 0 Play Time 05:24:56 Cumulative 255.1 hours Start 2026.08.28 @ 17:33:08 End 2026.08.31 @ 15:08:00 Sessions 13 Manual Loads 0 Difficulty Rogue Special Mode None Game No. 127 Rogue 127 Adventurer 0 Explorer 0 Win Type - Total 2 Types 2/0/0/0/0/0/0/0/0/0 Lore% 44 Gallery% 56 Achievement% 44 Wizard Run 0 Options --------- Layout 2 ASCII 0 Keyboard 0 Movement Mouse Keybinds 1 Fullscreen 1 Font 32/Terminus Map View 50x44 Zoom Use 0% Tactical HUD 1 Map Filters NONE Filters NONE Steam 1 RUN: 312f4386-3cd9-4236-9d29-31b5c78deabe